 Dungeon Crawl Stone Soup version 0.24-a0-487-g57318f2ed0 (webtiles) character file.

Game seed: 17787835932993611456

6307 KristoblXynda the Cleaver (level 10, 0/70 HPs)
             Began as a Demonspawn Fighter on July 10, 2019.
             Was a Priest of Qazlal.
             Slain by an orc warrior
             ... wielding a +0 morningstar
              (14 damage)
             ... on level 9 of the Dungeon.
             The game lasted 00:16:16 (10706 turns).

KristoblXynda the Cleaver (Demonspawn Fighter)     Turns: 10706, Time: 00:16:16

Health: 0/70       AC: 14    Str: 19    XL:     10   Next: 63%
Magic:  0/15       EV:  9    Int: 11    God:    Qazlal [***...]
Gold:   506        SH: 13    Dex: 12    Spells: 9/9 levels left

rFire    + . .     SeeInvis .   a - +2 war axe
rCold    . . .     Gourm    .   l - +0 buckler
rNeg     + . .     Faith    .   C - +0 chain mail (curse)
rPois    +         Spirit   +   (no helmet)
rElec    .         Reflect  +   (no cloak)
rCorr    .         Harm     .   m - +0 pair of gloves
MR       .....                  (no boots)
Stlth    ..........             v - +3 amulet of reflection
HPRegen  0.21/turn              e - ring of positive energy
MPRegen  0.14/turn              y - ring of poison resistance

@: no status effects
A: hooves 2, slimy green scales 1, fire resistance 1, magic shield, flame cloud
immunity
a: Upheaval, Elemental Force, Renounce Religion


You were on level 9 of the Dungeon.
You worshipped Qazlal.
Qazlal was most pleased with you.
You were not hungry.

You visited 2 branches of the dungeon, and saw 10 of its levels.
You also visited: Sewer.

You collected 726 gold pieces.
You spent 220 gold pieces at shops.

Inventory:

Hand Weapons
 a - a +2 war axe (weapon)
Armour
 c - a +0 shield
 l - a +0 buckler (worn)
 m - a +0 pair of gloves (worn)
 C - a cursed +0 chain mail (worn)
Jewellery
 e - a ring of positive energy (left hand)
 v - a +3 amulet of reflection (around neck)
 y - a ring of poison resistance (right hand)
 B - an uncursed ring of resist corrosion
Scrolls
 g - 4 scrolls of blinking
 j - a scroll of magic mapping
 k - 5 scrolls of remove curse
 p - a scroll of teleportation
 q - a scroll of immolation
 s - 2 scrolls of fog
 u - 2 scrolls of enchant weapon
Potions
 b - a potion of flight {unknown}
 d - a potion of might
 h - 2 potions of haste
 i - a potion of mutation {unknown}
 o - 3 potions of cancellation
 r - 3 potions of heal wounds
 t - 2 potions of invisibility
 w - a potion of agility
 x - a potion of curing
 z - a potion of magic
 A - a potion of resistance
Comestibles
 f - 20 rations
 n - 2 chunks of flesh


   Skills:
 - Level 3.0 Fighting
 + Level 9.6 Axes
 + Level 7.5 Armour
 + Level 4.1 Dodging
 + Level 6.6 Shields
 + Level 7.3 Invocations


You had 9 spell levels left.
You didn't know any spells.
Your spell library contained the following spells:

 Spells                   Type           Power        Failure   Level  Hunger
 Magic Dart               Conj           #...         97%         1    ##.....
 Blink                    Tloc           N/A          99%         2    ###....
 Call Imp                 Summ           #.......     99%         2    ###....
 Slow                     Hex            #.......     99%         2    ###....
 Conjure Flame            Conj/Fire      #.......     100%        3    ####...
 Mephitic Cloud           Conj/Pois/Air  #.......     100%        3    ####...


Dungeon Overview and Level Annotations

Branches:
Dungeon (9/15)             Temple (1/1) D:5
   Lair: D:8-11         Orc: D:9-12

Altars:
Ashenzari
Cheibriados
Dithmenos
Elyvilon
Fedhas
Gozag
Hepliaklqana
Kikubaaqudgha
Makhleb
Nemelex Xobeh
Okawaru
Qazlal
Ru
Sif Muna
Trog
Uskayaw
Vehumet
Wu Jian
Xom
Yredelemnul
Zin
The Shining One

Shops:
D:5 =   D:7 %   D:9 *

Annotations:
D:4 2 transporters
D:5 2 runed translucent doors, Yorgos's ghost, novice TrCK


Innate Abilities, Weirdness & Mutations

You have hoof-like feet.
You are partially covered in slimy green scales. (AC +2)
Your flesh is heat resistant. (rF+)
When hurt, damage is shared between your health and your magic reserves.
You are immune to clouds of flame.


Message History

Your chain mail prevents you from hitting the orc warrior.
The orc warrior is heavily wounded.
You block the orc warrior's attack.
You hit the orc warrior.
The orc warrior is heavily wounded.
You block the orc warrior's attack.
You closely miss the orc warrior. Your kick misses the orc warrior.
The orc warrior is heavily wounded.
The orc warrior hits you with a +0 morningstar!
* * * LOW HITPOINT WARNING * * *
You barely miss the orc warrior.
You kick the orc warrior, but do no damage.
The orc warrior is heavily wounded.
You barely miss the orc warrior.
The orc warrior is heavily wounded.
The orc warrior hits you but does no damage.
You closely miss the orc warrior. Your kick misses the orc warrior.
The orc warrior is heavily wounded.
The orc warrior hits you with a +0 morningstar!!
You die... # ######### .# ###.......# # #. ..........# .###. .##.......# #... .#........# #oo

.#........# #o#
..........#### #@#
.............###.##
....####.###.#....##
))....##.###.#.#...##
#..##...............#
#..##.##..###.#.###.#
......##..# #.#.# #.#
#(.......)###.#.###.#
#()...###.....#.....#


You could see an orc warrior and 2 orcs.

Vanquished Creatures
  A two-headed ogre (D:9)
  2 hornets (D:9)
  Sigmund (D:4)
  2 hungry ghosts
  2 soldier ants (D:9)
  Duvessa (D:5)
  Purgy (D:4)
  6 orc warriors
  2 sky beasts
  An ice beast (D:9)
  8 ogres
  An eye of draining (D:9)
  2 centaurs
  A big kobold (D:9)
  3 bullfrogs
  2 scorpions
  Dowan (D:5)
  6 killer bees (D:6)
  5 wights (D:7)
  3 crimson imps
  3 centaur zombies
  A quasit (D:6)
  A jelly (D:7)
  7 orc priests
  8 orc wizards
  5 hounds
  A bullfrog skeleton (D:5)
  3 iguanas
  12 worker ants
  A hound skeleton (D:3)
  4 gnolls (D:8)
  2 worker ant zombies
  12 adders
  A shadow imp (D:7)
  15 oozes
  4 adder zombies
  An adder skeleton (D:5)
  6 worms
  5 dart slugs
  16 leopard geckos
  46 orcs
  7 bats
  31 giant cockroaches
  11 goblins
  5 hobgoblins
  15 jackals
  6 quokkas
  6 ball pythons (Sewer)
  A ball python skeleton (D:3)
  12 frilled lizards
  A jackal skeleton (D:5)
  12 kobolds
  A leopard gecko zombie (D:5)
  A quokka zombie (D:3)
  8 rats
322 creatures vanquished.

Vanquished Creatures (others)
  An orc wizard (D:9)
  A kobold (D:9)
2 creatures vanquished.

Grand Total: 324 creatures vanquished

Notes
Turn   | Place    | Note
-------+----------+-------------------------------------------
     0 | D:1      | KristoblXynda the Demonspawn Fighter began the quest for
                  | the Orb.
     0 | D:1      | Reached XP level 1. HP: 18/18 MP: 1/1
    58 | D:1      | Reached skill level 2 in Axes
   310 | D:1      | Gained mutation: You have large cloven feet. [demonic
                  | ancestry]
   310 | D:1      | Reached XP level 2. HP: 24/24 MP: 2/2
  1029 | D:2      | Reached XP level 3. HP: 19/29 MP: 3/3
  1084 | D:2      | Found a burning altar of Makhleb.
  1084 | D:2      | Found a shattered altar of Ashenzari.
  1085 | D:2      | Found an iron altar of Okawaru.
  1169 | D:2      | Found an iron altar of Okawaru.
  1610 | D:2      | Reached skill level 3 in Axes
  1847 | D:2      | Reached XP level 4. HP: 35/35 MP: 4/4
  2806 | D:3      | Gained mutation: When hurt, damage is shared between your
                  | health and your magic reserves. [demonic ancestry]
  2806 | D:3      | Reached XP level 5. HP: 36/41 MP: 5/5
  2992 | D:3      | Reached skill level 4 in Axes
  3064 | D:3      | Found an opulent altar of Gozag.
  3477 | D:4      | Found a transporter.
  3478 | D:4      | Noticed an orc warrior
  3479 | D:4      | Found a sacrificial altar of Ru.
  3487 | D:4      | Noticed Purgy
  3517 | D:4      | Killed Purgy
  3517 | D:4      | Gained mutation: You are partially covered in slimy green
                  | scales. (AC +2) [demonic ancestry]
  3517 | D:4      | Reached XP level 6. HP: 31/47 MP: 4/6
  3735 | D:4      | Reached skill level 5 in Axes
  3742 | D:4      | Gained mutation: Your flesh is heat resistant. (rF+)
                  | [demonic ancestry]
  3742 | D:4      | Reached XP level 7. HP: 35/52 MP: 4/7
  4070 | D:4      | Found a transporter.
  4456 | D:4      | Noticed Sigmund
  4484 | D:4      | Killed Sigmund
  4484 | D:4      | Reached skill level 6 in Axes
  4746 | D:5      | Entered Level 5 of the Dungeon
  4788 | D:5      | Reached skill level 5 in Shields
  4788 | D:5      | Reached XP level 8. HP: 56/58 MP: 8/8
  4790 | D:5      | Reached skill level 5 in Armour
  4857 | D:5      | Found Ipheskeg's Jewellery Emporium.
  4862 | D:5      | Bought an uncursed ring of poison resistance for 220 gold
                  | pieces
  4978 | D:5      | Found a large runed translucent door.
  4978 | D:5      | Found a large runed translucent door.
  4979 | D:5      | Noticed Yorgos's ghost (novice TrCK)
  5015 | D:5      | Found a staircase to the Ecumenical Temple.
  5052 | Temple   | Entered the Ecumenical Temple
  5065 | Temple   | Became a worshipper of Qazlal Stormbringer
  5281 | D:5      | Noticed Duvessa
  5281 | D:5      | Noticed Dowan
  5305 | D:5      | Killed Dowan
  5312 | D:5      | Killed Duvessa
  5312 | D:5      | Reached skill level 1 in Invocations
  5655 | D:6      | Reached skill level 7 in Axes
  5666 | D:6      | Found a glowing drain.
  5671 | Sewer    | Entered a sewer
  5744 | Sewer    | Reached * piety under Qazlal
  6174 | Sewer    | Reached ** piety under Qazlal
  6319 | D:6      | Gained mutation: You are immune to clouds of flame.
                  | [demonic ancestry]
  6319 | D:6      | Reached XP level 9. HP: 31/63 MP: 9/11
  7362 | D:7      | Found Halor's Food Boutique.
  7372 | D:7      | Reached skill level 8 in Axes
  7525 | D:7      | Reached skill level 1 in Dodging
  7651 | D:7      | Reached *** piety under Qazlal
  8140 | D:8      | Reached skill level 5 in Invocations
  8566 | D:8      | Found a sparkling altar of Nemelex Xobeh.
  8566 | D:8      | Found a white marble altar of Elyvilon.
  8566 | D:8      | Found a hide-covered altar of Uskayaw.
  8566 | D:8      | Found a basalt altar of Yredelemnul.
  8868 | D:9      | Reached skill level 9 in Axes
  8919 | D:9      | Gained mutation: You have hoof-like feet. [demonic
                  | ancestry]
  8919 | D:9      | Reached XP level 10. HP: 38/70 MP: 14/14
  8972 | D:9      | Noticed a two-headed ogre
 10465 | D:9      | Found Mamemeru's Assorted Antiques.
 10604 | D:9      | Killed a two-headed ogre
 10706 | D:9      | Slain by an orc warrior

Levels and vault maps discovered:
D:1:      co_arrival_random_square_maze, layout_basic
D:2:      layout_basic, gammafunk_temple_overflow_claw, okawaru_gym_becter
D:3:      minmay_roachtagon, layout_loops_cross,
          nicolae_gozag_cash_rules_everything_around_me, serial_undead,
          serial_undead_f, serial_undead_a, serial_undead_f, serial_undead_c,
          serial_undead_b, serial_undead_c, serial_undead_b
D:4:      layout_rooms, gammafunk_temple_overflow_arena, first_ration,
          eino_tiny_chamber, uniq_purgy, uniq_sigmund
D:5:      layout_rooms, temple_doors_cd, serial_shops, kennysheep_little_box,
          ebering_ghost_disaster_area, minmay_misc_feat_ornament, uniq_duvessa
D:6:      layout_loops_ring, portal_sewer_entry_e
D:7:      layout_loops_ring, serial_shops, shop
D:8:      layout_loops_ring, grunt_temple_overflow_cloverleaf
D:9:      layout_loops_cross, david_orc_4, serial_shops, nicolae_shop_trees,
          special_room [special_room_orc], minmay_misc_feat_cross,
          hangedman_pestilent_swarm
Temple:   nicolae_temple_god_jail

Skill      XL: |  1  2  3  4  5  6  7  8  9 10 |
---------------+-------------------------------+-----
Axes           | 2 3 4 5 6 7 9 |  9.6
Shields        | 3 4 5 6 |  6.6
Armour         | 3 4 5 6 7 |  7.5
Invocations    | 3 5 7 |  7.3
Dodging        | 2 4 |  4.1
Fighting       | |  3.0

Action                   |  1- 3 |  4- 6 |  7- 9 | 10-12 || total
-------------------------+-------+-------+-------+-------++-------
Melee: War axe           |   118 |   156 |   637 |   181 ||  1092
       Kick              |    26 |    36 |   128 |    49 ||   239
Invok: Upheaval          |       |       |       |     4 ||     4
  Use: Scroll            |       |     6 |    16 |     3 ||    25
       Potion            |       |       |     2 |       ||     2
  Eat: Chunk             |     3 |     5 |    10 |     6 ||    24
       Ration            |       |     1 |     3 |     2 ||     6
Armor: Scale mail        |    29 |       |       |       ||    29
       Chain mail        |    45 |   102 |   339 |    52 ||   538
Dodge: Dodged            |    38 |    36 |   126 |    45 ||   245
Block: Shield            |    61 |   110 |   424 |       ||   595
       Reflection        |       |       |     6 |     2 ||     8
       Buckler           |       |       |   106 |   109 ||   215

Table legend:
 A = Non-vault XP
 B = Vault XP
 C = Vault XP percentage of total XP
 D = Non-vault monster count
 E = Vault monster count
 F = Vault count percentage of total count
                 A         B        C        D         E       F
            +---------+---------+-------+---------+---------+-------
      Total |    6284 |    2727 |  30.3 |     205 |     118 |  36.5
            +---------+---------+-------+---------+---------+-------
        D:1 |      35 |       0 |   0.0 |      20 |       0 |   0.0
        D:2 |     154 |       0 |   0.0 |      32 |       0 |   0.0
        D:3 |      87 |      59 |  40.4 |      16 |      14 |  46.7
        D:4 |     622 |     373 |  37.5 |      24 |       2 |   7.7
        D:5 |     439 |     214 |  32.8 |      19 |       2 |   9.5
        D:6 |     766 |       0 |   0.0 |      23 |       0 |   0.0
        D:7 |     989 |       0 |   0.0 |      28 |       0 |   0.0
        D:8 |    1016 |     306 |  23.1 |      22 |       3 |  12.0
        D:9 |    2176 |    1352 |  38.3 |      21 |      34 |  61.8
      Sewer |       0 |     423 | 100.0 |       0 |      63 | 100.0
            +---------+---------+-------+---------+---------+-------
